 Dungeon Crawl Stone Soup version 0.31-a0-1529-g7bd419a0e5 (console) character file.

Game seed: 14667770227709684907

11 petzl the Sneak (level 2, -9/24 HPs)
             Began as a Formicid Delver on Dec 31, 2023.
             Mangled by an iguana (11 damage)
             ... on level 5 of the Dungeon.
             The game lasted 00:01:42 (192 turns).

petzl the Sneak (Formicid Delver)                    Turns: 192, Time: 00:01:43

Health: -9/24      AC:  3    Str: 16    XL:     2   Next: 35%
Magic:  3/3        EV: 12    Int:  9    God:
Gold:   23         SH:  0    Dex: 15    Spells: 2/2 levels left

rFire   . . .        a - +0 mace
rCold   . . .        (no shield)
rNeg    . . .        b - +0 leather armour
rPois   .            (helmet unavailable)
rElec   .            (no cloak)
rCorr   .            (no gloves)
SInv    +            (no boots)
Will    .....        (no amulet)
Stlth   +++          (no ring)
HPRegen 0.24/turn    (no ring)
MPRegen 0.08/turn

%: no passive effects
@: no status effects
A: permanent stasis, dig shafts and tunnels, antennae 3, four strong arms
a: Dig, Shaft Self


You were on level 5 of the Dungeon.
You visited 1 branch of the dungeon, and saw 3 of its levels.

You collected 23 gold pieces.

Inventory:

Hand Weapons
 a - a +0 mace (weapon)
Missiles
 h - 2 poisoned darts
Armour
 b - a +0 leather armour (worn)
Wands
 f - a wand of digging (3)
Scrolls
 c - a scroll of fog
 d - a scroll of revelation
 e - 2 scrolls of fear
 i - a scroll of identify {unknown}
Potions
 g - a potion of haste {unknown}


   Skills:
 + Level 3.5 Fighting
 - Level 2.0 Maces & Flails
 + Level 2.1 Dodging
 - Level 6.0 Stealth
 + Level 0.8 Spellcasting


You had 2 spell levels left.
You didn't know any spells.
Your spell library was empty.

Dungeon Overview and Level Annotations

Branches:
Dungeon (6/15)
 Temple: D:4-7

Altars:


Innate Abilities, Weirdness & Mutations

You cannot be hasted, slowed, berserked, paralysed or teleported.
You can dig through walls and to a lower floor.
You have a pair of large antennae on your head. (SInv)
Your four strong arms can wield two-handed weapons with a shield.


Message History

You barely miss the iguana. The iguana bites you!
You barely miss the iguana.
The iguana bites you but does no damage.
You hit the iguana.
The iguana is lightly wounded.
The iguana misses you. The iguana closely misses you.
You hit the iguana.
The iguana is moderately wounded.
The iguana closely misses you.
You hit the iguana.
The iguana is heavily wounded.
The iguana closely misses you.
You hit the iguana.
The iguana is severely wounded.
The iguana bites you but does no damage.
The iguana misses you.
You closely miss the iguana.
The iguana is severely wounded.
The iguana misses you.
You barely miss the iguana.
The iguana is severely wounded.
The iguana misses you.
You hit the iguana but do no damage.
The iguana is severely wounded.
The iguana barely misses you.
You hit the iguana.
The iguana is almost dead.
The iguana closely misses you. The iguana bites you!
You barely miss the iguana.
The iguana is severely wounded.
The iguana bites you.
You closely miss the iguana. You punch the iguana.
The iguana is almost dead.
The iguana barely misses you.
You hit the iguana but do no damage.
The iguana is almost dead.
The iguana bites you!
* * * LOW HITPOINT WARNING * * *
The iguana bites you!
You die...

########### #..........
#.......... #<.........
#†......... #######
########..........
.......####..>..............
............######..........
......l@##### ###........
..........# ####.......
.......!...# #..........
............. #....##.......
..........##..#.... #.......
/.........# .#.....#.......
..........# ......#.......
.........## .............
............. ............#
#......>.#..# #.###...##..#
##......# .....#...#
.....##..# ......##..#
......###.. .....#.# ... ..


You could see an iguana.

Vanquished Creatures
  An adder (D:4)
  2 ball pythons
3 creatures vanquished.

Notes
Turn   | Place    | Note
-------+----------+-------------------------------------------
     0 | D:5      | petzl the Formicid Delver began the quest for the Orb.
     0 | D:5      | Reached XP level 1. HP: 18/18 MP: 1/1
    38 | D:4      | Noticed a scorpion
    75 | D:4      | Reached XP level 2. HP: 23/24 MP: 1/3
   192 | D:5      | Mangled by an iguana

Illustrated notes

Levels and vault maps discovered:
D:4:      layout_basic, serial_shops, nicolae_shop_tiny_glass
D:5:      layout_rooms
D:6:      layout_basic, kiku_gazebo_pond_becter, zin_purify, serial_shops, shop,
          serial_co_window_serial, co_window_of_opportunity_a,
          co_window_paths_b, co_window_corner_a, co_window_paths_a,
          co_window_paths_b, co_window_paths_b, co_window_cross_1,
          co_window_of_opportunity_b, co_window_unsneaky_path_e,
          co_window_broadway_b, co_window_corner_b, co_window_unsneaky_path_a,
          glass_columns_b, glass_columns_a, glass_columns_a, glass_columns_b,
          glass_columns_a

Skill      XL: |  1 |
---------------+----+-----
Dodging        | 2 |  2.1
Fighting       | |  3.5
Maces & Flails | |  2.0
Stealth        | |  6.0
Spellcasting   | |  0.8

Action                     || total
---------------------------++-------
  Melee: Mace              ||    22
         Punch             ||     1
 Armour: Leather armour    ||    15
  Dodge: Dodged            ||    20

Table legend: (Time is in decaauts)
 A = Elapsed time spent in this place.
 B = Non-inter-level travel time spent in this place.
 C = Inter-level travel time spent in this place.
 D = Time resting spent in this place.
 E = Time spent auto-exploring this place.
 F = Levels seen in this place.
 G = Mean time per level.
                   A        B        C        D        E       F      G
               +--------+--------+--------+--------+--------+-----+--------+
         Total |    197 |    180 |     17 |     22 |     12 |   3 |   65.7 |
       Dungeon |    197 |    180 |     17 |     22 |     12 |   3 |   65.7 |
               +--------+--------+--------+--------+--------+-----+--------+

Top non-repeatable levels by time:
     D:5: 87 daAuts
     D:4: 75 daAuts
     D:6: 34 daAuts
